 Dungeon Crawl Stone Soup version 0.28-a0-834-g1a73be5ee4 (webtiles) character file.

Game seed: 14334149937902255592

4467 jasper the Thaumaturge (level 10, -6/70 HPs)
             Began as a Demonspawn Cinder Acolyte on Nov 11, 2021.
             Was a Follower of Ignis.
             Mangled by Harold (20 damage)
             ... on level 8 of the Dungeon.
             The game lasted 00:12:06 (10241 turns).

jasper the Thaumaturge (Demonspawn Cinder Acolyte) Turns: 10241, Time: 00:12:07

Health: -6/70      AC: 13    Str: 16    XL:     10   Next: 15%
Magic:  3/22       EV: 11    Int: 18    God:    Ignis [*.....]
Gold:   318        SH:  0    Dex:  8    Spells: 11/25 levels left

rFire   + . .      SeeInvis .   r - +5 quarterstaff (protect)
rCold   . . .      Faith    .   (shield currently unavailable)
rNeg    . . .      Spirit   .   E - +2 acid dragon scales
rPois   .          Reflect  .   k - +0 helmet
rElec   .          Harm     .   s - +0 cloak
rCorr   +          Rampage  .   i - +0 pair of gloves
Will    .....                   (no boots)
Stlth   +.........              (no amulet)
HPRegen 0.21/turn               (no ring)
MPRegen 0.18/turn               (no ring)

@: marked, slowed, invisible, very slow
A: spiny 1, sturdy frame 3, demonic magic 1, weakness stinger 2
a: Renounce Religion, Sea of Fire, Foxfire Swarm


You were on level 8 of the Dungeon.
You worshipped Ignis.
Ignis was aware of your devotion.
You visited 1 branch of the dungeon, and saw 8 of its levels.
You also visited: Sewer.

You collected 416 gold pieces.
You spent 98 gold pieces at shops.

Inventory:

Hand Weapons
 a - a -1 spear of flaming
 e - a +0 glaive
 r - a +5 quarterstaff of protection (weapon)
 I - the +11 whip of the Other Side {vamp, rCorr Str+2 Int+4 Dex-3}
   (You found it on level 7 of the Dungeon)

   It occasionally heals its wielder for a portion of the damage dealt when it
   wounds a living foe.
   Str:       It affects your strength (+2).
   Int:       It affects your intelligence (+4).
   Dex:       It affects your dexterity (-3).
   rCorr:     It protects you from acid and corrosion.
Missiles
 f - 132 stones
Armour
 b - a +0 robe
 i - a +0 pair of gloves (worn)
 k - a +0 helmet (worn)
 l - a +1 robe of fire resistance
 s - a +0 cloak (worn)
 E - +2 acid dragon scales (worn)
Magical Staves
 p - a staff of earth
Wands
 C - a wand of mindburst (10)
 D - a wand of digging (6)
 G - a wand of flame (12)
Scrolls
 q - 2 scrolls of enchant weapon
 v - a scroll of brand weapon
 x - a scroll of fog
 y - 2 scrolls of magic mapping
 H - a scroll of amnesia
 J - a scroll of identify
Potions
 d - 3 potions of mutation
 h - a potion of berserk rage
 j - 2 potions of degeneration
 m - 3 potions of curing
 n - a potion of lignification
 o - 2 potions of might {unknown}
 t - 3 potions of magic {unknown}
 u - 2 potions of attraction {unknown}
 w - a potion of flight {unknown}
 z - a potion of ambrosia {unknown}
 A - a potion of haste
 B - a potion of brilliance {unknown}
 F - a potion of cancellation {unknown}


   Skills:
 - Level 3.0 Fighting
 - Level 2.6 Polearms
 - Level 5.1 Armour
 + Level 8.0 Spellcasting
 + Level 2.7 Hexes
 - Level 1.2 Transmutations
 - Level 5.3 Fire Magic
 * Level 7.6 Air Magic
 - Level 1.2 Earth Magic


You had 11 spell levels left.
You knew the following spells:

 Your Spells              Type           Power      Damage    Failure   Level
a - Scorch                Fire           52%        2d7       1%          2
b - Swiftness             Air            34%        N/A       1%          3
c - Airstrike             Air            17%        N/A       4%          4
d - Tukima's Dance        Hex            16%        N/A       10%         3
e - Passwall              Tmut/Erth      9%         N/A       9%          2

Your spell library contained the following spells:

 Spells                   Type           Power      Damage    Failure   Level
 Shock                    Conj/Air       84%        1d8       1%          1
 Ensorcelled Hibernation  Hex/Ice        24%        N/A       9%          2
 Summon Small Mammal      Summ           28%        N/A       10%         1
 Cause Fear               Hex            8%         N/A       32%         4
 Animate Armour           Summ/Erth      18%        N/A       58%         4
 Summon Ice Beast         Ice/Summ       7%         N/A       67%         4
 Dragon Form              Tmut           5%         N/A       100%        7
 Dragon's Call            Summ           3%         N/A       100%        9


Dungeon Overview and Level Annotations

Branches:
Dungeon (8/15)             Temple (0/1) D:5           Sewer (visited)
   Lair: D:8-11

Altars:
Cheibriados
Dithmenos
Gozag
Okawaru
Trog
Uskayaw
Vehumet
Xom
Yredelemnul

Shops:
D:1 [   D:7 *

Annotations:
D:5 3 runed translucent doors, amoryguerra's ghost, amateur HOBe; bjtr's ghost, novice HuCj
D:8 Harold


Innate Abilities, Weirdness & Mutations

You are partially covered in sharp spines.
Your movements are significantly less encumbered by armour. (ER -6)
Spells you cast may paralyse adjacent enemies.
You have a tail ending in a sharp stinger.


Message History

Aiming: Airstrike (dangerous; 4% risk of failure)
Press: ? - help, Dir - move target, f/p - Harold
Aim: Harold, wielding a +3 scimitar of electrocution, wearing a +4 scale mail of cold resistance and quivering 3 throwing nets (lightly wounded, empty space bonus: 7/8)
The air twists around and strikes Harold!
Harold is moderately wounded.
Malevolent energies surge around you. Harold gestures at you while chanting.
You barely resist.
You now have 8/22 mp.
Okay, then.
You feel much better.
Harold hits you with a +3 scimitar of electrocution!
Harold hits you but does no damage.
You regained 9 hp, and now have 57/70 hp.
You fade into invisibility!
Harold hits you with a +3 scimitar of electrocution!
You are electrocuted!!
You take 34 damage, and have 23/70 hp.
MASSIVE DAMAGE!!
Casting: Scorch (safe; 1% risk of failure)
Press: ? - help, Q - select action, (/) - cycle Dir - look around, f - activate Flames lash Harold but do no damage.
Malevolent energies surge around you.
Harold suddenly stops moving!
You now have 6/22 mp.
Casting: Scorch (safe; 1% risk of failure)
Press: ? - help, Q - select action, (/) - cycle Dir - look around, f - activate Flames lash Harold but do no damage.
Malevolent energies surge around you.
Harold is no longer paralysed.
Harold hits you with a +3 scimitar of electrocution.
* * * LOW HITPOINT WARNING * * *
A wight comes into view. It is wielding a +3 spear.
You take 4 damage, and have 19/70 hp.
You now have 5/22 mp.
Casting: Scorch (safe; 1% risk of failure)
Press: ? - help, Q - select action, (/) - cycle Dir - look around, f - activate Flames lash Harold.
Harold is heavily wounded.
Harold's fire resistance burns away.
Malevolent energies surge around you.
Harold hits you with a +3 scimitar of electrocution.
* * * LOW HITPOINT WARNING * * *
Harold hits you with a +3 scimitar of electrocution!!
You die...

#.#.# #.## #. #.#.#
####.# .# #.#.# ##.#O##
#.. #.#.##### ##.#.#.#
... #.#.....# #.######
#.#
#.z.....#..##.#.#.##..#.
#.......##........?.....
#........##########...##
#......@...#.##......##
#......@.....###...###
#................#.#####
[..........########....<.
............# ######.
.h##..........# ## ..
#..........# #
#..........# #..........#


You could see Harold (combustible) and a wight.

Vanquished Creatures
  Erica (D:8)
  Maggie (D:6)
  Sigmund (D:2)
  Edmund (D:4)
  3 water moccasins
  A hornet zombie (D:7)
  An orc warrior (D:6)
  4 ice beasts
  An ogre (D:7)
  A wolf (D:8)
  3 centaurs
  2 phantoms
  Blork the orc (D:6)
  3 bullfrogs
  4 scorpions
  3 water moccasin zombies
  3 killer bees (D:8)
  3 centaur zombies
  A bullfrog zombie (D:5)
  3 jellies
  A centaur skeleton (D:4)
  3 hounds (D:5)
  Crazy Yiuf (D:2)
  An orc priest (D:4)
  A bullfrog skeleton (D:5)
  2 scorpion zombies (D:5)
  5 iguanas
  7 orc wizards
  A hound zombie (D:5)
  A hound skeleton (D:5)
  A howler monkey zombie (D:7)
  8 gnolls
  8 adders
  2 worms
  3 dart slugs
  12 orcs
  7 ball pythons
  5 bats
  7 endoplasms
  13 giant cockroaches
  8 goblins
  7 hobgoblins
  10 quokkas
  12 frilled lizards
  7 kobolds
  3 rats
177 creatures vanquished.

Vanquished Creatures (others)
  128 foxfires
  A fungus (D:1)
  A plant (D:1)
  A withered plant (D:5)
131 creatures vanquished.

Grand Total: 308 creatures vanquished

Notes
Turn   | Place    | Note
-------+----------+-------------------------------------------
     0 | D:1      | jasper the Demonspawn Cinder Acolyte began the quest for
                  | the Orb.
     0 | D:1      | Reached XP level 1. HP: 18/18 MP: 2/2
   390 | D:1      | Gained mutation: You are partially covered in sharp spines.
                  | [demonic ancestry]
   390 | D:1      | Reached XP level 2. HP: 20/24 MP: 4/4
   675 | D:1      | Learned a level 2 spell: Scorch
   699 | D:1      | Found a faded altar of an unknown god.
   775 | D:1      | Reached skill level 2 in Spellcasting
   831 | D:1      | Found Reitukk's Armour Emporium.
   842 | D:1      | Bought a +0 pair of gloves for 49 gold pieces
   978 | D:1      | Gained mutation: You have a small tail. [demonic ancestry]
   978 | D:1      | Reached XP level 3. HP: 29/29 MP: 3/6
  1706 | D:1      | Bought a +0 helmet for 49 gold pieces
  1746 | D:2      | Noticed Sigmund
  1764 | D:2      | Killed Sigmund
  1765 | D:2      | Reached skill level 3 in Spellcasting
  1765 | D:2      | Reached XP level 4. HP: 30/35 MP: 3/9
  1765 | D:2      | Gained mutation: Your movements are slightly less
                  | encumbered by armour. (ER -2) [demonic ancestry]
  1765 | D:2      | Reached XP level 5. HP: 36/41 MP: 3/10
  2395 | D:2      | Found a runed translucent door.
  2396 | D:2      | Noticed Crazy Yiuf
  2439 | D:2      | Killed Crazy Yiuf
  2792 | D:3      | Noticed a +0 spear
  2792 | D:3      | Noticed a +0 falchion
  2793 | D:3      | Noticed a +0 dagger
  2793 | D:3      | Noticed a +0 spear
  2793 | D:3      | Noticed a +0 dagger
  2794 | D:3      | Noticed a +0 short sword
  2794 | D:3      | Noticed a +0 short sword
  3081 | D:3      | Noticed a +0 falchion
  3084 | D:3      | Gained mutation: Spells you cast may paralyse adjacent
                  | enemies. [demonic ancestry]
  3084 | D:3      | Reached XP level 6. HP: 47/47 MP: 8/11
  3128 | D:3      | Found a hide-covered altar of Uskayaw.
  3257 | D:4      | Found a shimmering altar of Xom.
  3260 | D:4      | Reached skill level 4 in Spellcasting
  3460 | D:4      | Noticed Edmund
  3475 | D:4      | Killed Edmund
  3476 | D:4      | Reached skill level 5 in Fire Magic
  3849 | D:4      | Found a snail-covered altar of Cheibriados.
  3871 | D:4      | Found an iron altar of Okawaru.
  4039 | D:4      | Gained mutation: Your movements are less encumbered by
                  | armour. (ER -4) [demonic ancestry]
  4039 | D:4      | Reached XP level 7. HP: 47/52 MP: 1/14
  4217 | D:4      | Reached skill level 1 in Armour
  4219 | D:4      | Reached skill level 5 in Spellcasting
  4665 | D:5      | Entered Level 5 of the Dungeon
  4948 | D:5      | Found a runed translucent gate.
  4948 | D:5      | Found a runed translucent gate.
  4949 | D:5      | Found a runed translucent gate.
  4961 | D:5      | Learned a level 3 spell: Swiftness
  4966 | D:5      | Learned a level 4 spell: Airstrike
  5029 | D:5      | Found a bloodstained altar of Trog.
  5098 | D:5      | Found a staircase to the Ecumenical Temple.
  5114 | D:5      | Reached skill level 6 in Spellcasting
  5114 | D:5      | Reached skill level 1 in Air Magic
  5228 | D:5      | Reached XP level 8. HP: 55/58 MP: 6/17
  5610 | D:5      | Got Rujunaapse's Catalogue of Companions
  5950 | D:5      | Found a basalt altar of Yredelemnul.
  6369 | D:5      | Noticed bjtr's ghost (novice HuCj)
  6370 | D:5      | Noticed amoryguerra's ghost (amateur HOBe)
  6669 | D:6      | Noticed Blork the orc
  6672 | D:6      | Killed Blork the orc
  6786 | D:6      | Found a glowing drain.
  6928 | D:6      | Reached skill level 5 in Air Magic
  6928 | D:6      | Gained mutation: You have a tail ending in a sharp stinger.
                  | [demonic ancestry]
  6928 | D:6      | Reached XP level 9. HP: 63/63 MP: 12/19
  7063 | D:6      | Reached skill level 7 in Spellcasting
  7102 | Sewer    | Entered a sewer
  8131 | D:6      | Noticed Maggie
  8139 | D:6      | Killed Maggie
  8486 | D:6      | Reached skill level 5 in Armour
  8521 | D:6      | Found a shadowy altar of Dithmenos.
  8772 | D:6      | Learned a level 3 spell: Tukima's Dance
  8846 | D:7      | Found an opulent altar of Gozag.
  8980 | D:7      | Reached skill level 1 in Hexes
  9146 | D:7      | Identified the +11 whip of the Other Side {vamp, rCorr
                  | Str+2 Int+4 Dex-3}
  9154 | D:7      | Found Qigula's General Store.
  9167 | D:7      | Learned a level 2 spell: Passwall
  9573 | D:7      | Found a radiant altar of Vehumet.
  9817 | D:8      | Reached skill level 1 in Transmutations
  9817 | D:8      | Reached skill level 1 in Earth Magic
  9909 | D:8      | Noticed a two-headed ogre
 10215 | D:8      | Noticed Erica
 10228 | D:8      | Noticed Harold
 10229 | D:8      | Gained mutation: Your movements are significantly less
                  | encumbered by armour. (ER -6) [demonic ancestry]
 10229 | D:8      | Reached XP level 10. HP: 46/70 MP: 16/21
 10231 | D:8      | Killed Erica
 10232 | D:8      | Reached skill level 8 in Spellcasting
 10241 | D:8      | Mangled by Harold

Illustrated notes

Levels and vault maps discovered:
D:1:      dpeg_arrival_shelter, layout_loops_ring, serial_shops,
          nicolae_shop_stone, shapermc_ecumenical_altar_acropolis
D:2:      layout_loops_ring, uniq_sigmund, uniq_crazy_yiuf_cottage
D:3:      layout_basic, nicolae_uskayaw_en_pointe
D:4:      layout_gridville, okawaru_ov_weapons_minmay,
          mainiacjoe_overflow_concentric_impassable, old_standard_altar,
          chequers_ossuary_entry_cave, uniq_edmund
D:5:      layout_basic, trog_three_pillars_becter,
          nicolae_yredelemnul_corpse_copse, minmay_temple_entry_ruins,
          gammafunk_ghost_cemetery
D:6:      layout_basic, mainiacjoe_overflow_alcove_2, gup_sewer_entry_glass,
          uniq_blork_the_orc, uniq_maggie
D:7:      layout_rooms, mainiacjoe_overflow_brackets, lemuel_crystal_altar,
          serial_shops, kennysheep_little_box
D:8:      layout_rooms, jmf_multi_god_temple2, serial_shops,
          nicolae_shop_temple_entry_statues_fountains, gammafunk_ghost_arena,
          minmay_small_thing, uniq_erica, uniq_grum, uniq_harold

Skill      XL: |  1  2  3  4  5  6  7  8  9 10 |
---------------+-------------------------------+-----
Fire Magic     | 3 4 5 |  5.3
Spellcasting   | 2 3 4 6 7 8 |  8.0
Armour         | 2 4 5 |  5.1
Air Magic      | 1 5 7 |  7.6
Hexes          | 2 |  2.7
Transmutations | 1 |  1.2
Earth Magic    | 1 |  1.2
Fighting       | |  3.0
Polearms       | |  2.6

Action                   |  1- 3 |  4- 6 |  7- 9 | 10-12 || total
-------------------------+-------+-------+-------+-------++-------
Melee: Spear             |    59 |       |       |       ||    59
       Quarterstaff      |       |     5 |    41 |       ||    46
       Tailslap          |       |     1 |     3 |       ||     4
Throw: Stone             |    13 |       |       |       ||    13
 Cast: Scorch            |    18 |    43 |   223 |     3 ||   287
       Airstrike         |       |       |    10 |     2 ||    12
       Tukima's Dance    |       |       |     2 |       ||     2
Invok: Foxfire Swarm     |     3 |     3 |     1 |     1 ||     8
       Rising Flame      |       |       |     1 |       ||     1
  Use: Scroll            |     5 |     4 |     7 |       ||    16
       Potion            |       |     1 |     1 |     2 ||     4
 Stab: Sleeping          |     1 |       |       |       ||     1
       Paralysed         |       |       |     8 |       ||     8
Armor: Robe              |     7 |     9 |    16 |       ||    32
       Acid dragon scale |       |       |    12 |     1 ||    13
Dodge: Dodged            |    27 |     6 |    47 |       ||    80

Table legend: (Time is in decaauts)
 A = Elapsed time spent in this place.
 B = Non-inter-level travel time spent in this place.
 C = Inter-level travel time spent in this place.
 D = Time resting spent in this place.
 E = Time spent auto-exploring this place.
 F = Levels seen in this place.
 G = Mean time per level.
                   A        B        C        D        E       F      G
               +--------+--------+--------+--------+--------+-----+--------+
         Total |  10348 |  10142 |    206 |    694 |   8186 |   9 | 1149.8 |
       Dungeon |   9603 |   9397 |    206 |    667 |   7597 |   8 | 1200.4 |
         Sewer |    744 |    744 |      0 |     27 |    589 |   1 |  744.0 |
               +--------+--------+--------+--------+--------+-----+--------+

Top non-repeatable levels by time:
     D:6: 1765 daAuts
     D:5: 1728 daAuts
     D:1: 1466 daAuts
     D:4: 1409 daAuts
     D:7: 1208 daAuts
     D:2: 1042 daAuts
     D:3: 746 daAuts
   Sewer: 744 daAuts
     D:8: 235 daAuts
